 Dungeon Crawl Stone Soup version 0.22.0-49-gab54619674 (webtiles) character file.

4375 Riddle the Magician (level 10, -1/74 HPs)
             Began as a Gnoll Earth Elementalist on Sept 6, 2018.
             Was a Priest of Sif Muna.
             Slain by a troll (3 damage)
             ... on level 9 of the Dungeon.
             The game lasted 00:40:16 (11230 turns).

Riddle the Magician (Gnoll Earth Elementalist)     Turns: 11230, Time: 00:40:17

Health: -1/74      AC:  7    Str: 11    XL:     10   Next: 34%
Magic:  11/20      EV: 17    Int: 20    God:    Sif Muna [***...]
Gold:   428        SH:  0    Dex: 16    Spells: 17/23 levels left

rFire    . . .     SeeInvis .   M - staff of poison
rCold    . . .     Gourm    .   (no shield)
rNeg     . . .     Faith    .   c - +0 robe
rPois    +         Spirit   .   A - +1 helmet
rElec    .         Reflect  .   G - +0 cloak
rCorr    .         Harm     .   o - +0 pair of gloves
MR       .....                  (no boots)
Stlth    +++.......             a - amulet of the acrobat
HPRegen  0.22/turn              r - ring of wizardry
MPRegen  0.17/turn              K - ring of wizardry

@: divine energy
A: distributed training, fangs 1, strong nose
a: Stop Divine Energy, Channel Magic, Renounce Religion


You were on level 9 of the Dungeon.
You worshipped Sif Muna.
Sif Muna was most pleased with you.
You were not hungry.

You visited 2 branches of the dungeon, and saw 10 of its levels.

You collected 473 gold pieces.
You spent 45 gold pieces at shops.

Inventory:

Hand Weapons
 w - a +0 rapier
Missiles
 b - 74 stones (quivered)
Armour
 c - a +0 robe (worn)
 o - a +0 pair of gloves (worn)
 A - a +1 helmet (worn)
 G - a +0 cloak (worn)
Magical Staves
 M - an uncursed staff of poison (weapon)
Jewellery
 a - an amulet of the acrobat (around neck)
 i - an uncursed ring of wizardry
 r - a ring of wizardry (left hand)
 K - a ring of wizardry (right hand)
Wands
 q - a wand of iceblast (9)
 E - a wand of flame (20)
 I - a wand of random effects (31)
 L - a wand of clouds (1)
Scrolls
 e - 5 scrolls of remove curse
 f - 3 scrolls of amnesia {unknown}
 g - 7 scrolls of identify
 j - 2 scrolls of teleportation {unknown}
 m - a scroll of magic mapping {unknown}
 s - 2 scrolls of enchant weapon {unknown}
 x - a scroll of random uselessness {unknown}
 y - 2 scrolls of blinking {unknown}
 C - a scroll of silence {unknown}
 F - a scroll of fog {unknown}
 H - a scroll of noise {unknown}
 J - a scroll of vulnerability {unknown}
Potions
 h - 2 potions of cancellation {unknown}
 k - 3 potions of heal wounds {unknown}
 l - 3 potions of agility {unknown}
 n - a potion of flight {unknown}
 p - 2 potions of magic {unknown}
 t - a potion of lignification {unknown}
 u - 4 potions of curing {unknown}
 v - 2 potions of brilliance {unknown}
 z - a potion of invisibility {unknown}
 B - a potion of berserk rage {unknown}
 D - a potion of might {unknown}
Comestibles
 d - 17 rations


   Skills:
 + Level 5.1 Fighting
 + Level 5.1 Short Blades
 + Level 5.1 Long Blades
 + Level 5.1 Axes
 + Level 5.1 Maces & Flails
 + Level 5.1 Polearms
 + Level 5.1 Staves
 + Level 5.1 Slings
 + Level 5.1 Bows
 + Level 5.1 Crossbows
 + Level 5.1 Throwing
 + Level 5.1 Armour
 + Level 6.9 Dodging
 + Level 6.7 Stealth
 + Level 5.1 Shields
 + Level 5.1 Unarmed Combat
 + Level 7.2 Spellcasting
 + Level 4.2 Conjurations
 + Level 4.2 Hexes
 + Level 4.2 Charms
 + Level 4.2 Summonings
 + Level 4.2 Necromancy
 + Level 4.2 Translocations
 + Level 4.8 Transmutations
 + Level 4.2 Fire Magic
 + Level 4.2 Ice Magic
 + Level 4.2 Air Magic
 + Level 7.0 Earth Magic
 + Level 4.2 Poison Magic
 + Level 5.6 Invocations
 + Level 5.1 Evocations


You had 17 spell levels left.
You knew the following spells:

 Your Spells              Type           Power        Failure   Level  Hunger
a - Sandblast             Erth           #####.       1%          1    None
b - Passwall              Tmut/Erth      ####....     1%          2    None
c - Stone Arrow           Conj/Erth      ####..       1%          3    #......

Your spell library contained the following spells:

 Spells                   Type           Power        Failure   Level  Hunger
 Animate Skeleton         Necr           N/A          1%          1    None
 Apportation              Tloc           ###...       1%          1    None
 Confusing Touch          Hex            ###...       1%          1    None
 Sting                    Conj/Pois      ####         1%          1    None
 Summon Small Mammal      Summ           ###.         1%          1    None
 Poisonous Vapours        Pois/Air       #####.       1%          2    None
 Ignite Poison            Fire/Tmut/Pois #####...     1%          3    #......
 Mephitic Cloud           Conj/Pois/Air  #####...     1%          3    #......
 Petrify                  Tmut/Erth      ####....     2%          4    ###....
 Olgreb's Toxic Radiance  Pois           #####...     4%          4    ###....
 Lee's Rapid Deconstruct  Erth           #####.....   4%          5    #####..
 Fireball                 Conj/Fire      ###.......   12%         5    #####..
 Venom Bolt               Conj/Pois      #####.....   12%         5    #####..
 Bolt of Fire             Conj/Fire      ###.......   50%         6    ######.
 Ring of Flames           Chrm/Fire      ###.......   96%         7    #######
 Ignition                 Fire           ###.......   100%        8    #######


Dungeon Overview and Level Annotations

Branches:
Dungeon (9/15)             Temple (1/1) D:7
   Lair: D:8-11         Orc: D:9-12

Altars:
Ashenzari
Cheibriados
Dithmenos
Elyvilon
Fedhas
Gozag
Hepliaklqana
Kikubaaqudgha
Makhleb
Nemelex Xobeh
Okawaru
Qazlal
Ru
Sif Muna
Uskayaw
Vehumet
Wu Jian
Xom
Yredelemnul
Zin
The Shining One

Shops:
D:6 [


Innate Abilities, Weirdness & Mutations

Your experience applies equally to all skills.
You have very sharp teeth.
Your uncanny sense of smell can sniff out nearby items.


Message History

Confirm with . or Enter, or press ? or * to list all spells.
Aiming: Passwall (safe; 1% risk of failure)
Press: ? - help, Dir - move target cursor, p - hippogriff A rock wall.
This rock feels extremely deep.
The troll bites you! The troll claws you! x2
* * * LOW HITPOINT WARNING * * *
Unknown command.
Casting: Passwall (safe; 1% risk of failure)
Confirm with . or Enter, or press ? or * to list all spells.
Aiming: Passwall (safe; 1% risk of failure)
Press: ? - help, Dir - move target cursor A rock wall.
The troll barely misses you. The troll claws you.
* * * LOW HITPOINT WARNING * * *
The troll closely misses you.
You begin to meditate on the wall.
You continue meditating on the rock.
The troll bites you!
* * * LOW HITPOINT WARNING * * *
The troll misses you. The troll claws you.
You die...

#.#.# #..).....#
#.#.# #........##
#.#.# #.........# #
#...# #.........#
#.###..# #..........
#......# #.........#
#.....># ###########
##.###.# ### #<.#@..#
#########.. ## #T###
#.........# #H#
+.......... #.#
#........## ∆ #.#.
#........##
####.#.####..........
#....# ..######...#..
#.#..###...# ###.###
# ...#...##...# #.. #


You could see a hippogriff and a troll.

Vanquished Creatures
  A two-headed ogre (D:9)
  Sigmund (D:2)
  A human (D:7)
  A yak (D:7)
  3 hogs (D:7)
  Menkaure (D:4)
  An orc warrior (D:8)
  2 ice beasts (D:7)
  7 ogres
  2 phantoms
  A centaur (D:7)
  3 bullfrogs
  A scorpion (D:5)
  2 wights (D:9)
  4 howler monkeys
  2 crimson imps
  A quasit (D:9)
  2 bullfrog zombies
  A bullfrog skeleton (D:8)
  2 hounds
  A jelly (D:8)
  3 orc priests
  9 orc wizards
  3 iguanas
  4 worker ants
  A mummy (D:6)
  A howler monkey zombie (D:8)
  2 worker ant zombies
  12 adders
  2 shadow imps
  2 oozes
  2 adder skeletons
  7 worms
  5 dart slugs
  2 leopard geckos
  43 orcs
  2 ball pythons
  7 giant cockroaches
  14 goblins
  9 hobgoblins
  8 jackals
  6 kobolds
  8 quokkas
  10 bats
  3 frilled lizards
  A leopard gecko skeleton (D:8)
  A leopard gecko zombie (D:6)
  11 rats
  A butterfly (D:1)
219 creatures vanquished.

Vanquished Creatures (others)
  A human (D:2)
1 creature vanquished.

Grand Total: 220 creatures vanquished

Notes
Turn   | Place    | Note
-------+----------+-------------------------------------------
     0 | D:1      | Riddle the Gnoll Earth Elementalist began the quest for the
                  | Orb.
     0 | D:1      | Reached XP level 1. HP: 13/13 MP: 6/6
   300 | D:1      | Reached XP level 2. HP: 19/19 MP: 3/7
   307 | D:1      | Learned a level 2 spell: Passwall
   794 | D:1      | Reached XP level 3. HP: 25/25 MP: 7/9
   808 | D:1      | Reached skill level 5 in Spellcasting
  1147 | D:2      | Reached skill level 1 in Invocations
  1243 | D:2      | Reached skill level 1 in Fighting
  1243 | D:2      | Reached skill level 1 in Short Blades
  1243 | D:2      | Reached skill level 1 in Long Blades
  1243 | D:2      | Reached skill level 1 in Axes
  1243 | D:2      | Reached skill level 1 in Maces & Flails
  1243 | D:2      | Reached skill level 1 in Polearms
  1243 | D:2      | Reached skill level 1 in Staves
  1243 | D:2      | Reached skill level 1 in Slings
  1243 | D:2      | Reached skill level 1 in Bows
  1243 | D:2      | Reached skill level 1 in Crossbows
  1243 | D:2      | Reached skill level 1 in Throwing
  1243 | D:2      | Reached skill level 1 in Armour
  1243 | D:2      | Reached skill level 1 in Shields
  1243 | D:2      | Reached skill level 1 in Unarmed Combat
  1243 | D:2      | Reached skill level 1 in Evocations
  1243 | D:2      | Reached XP level 4. HP: 32/32 MP: 8/11
  1286 | D:2      | Found an ancient bone altar of Kikubaaqudgha.
  1286 | D:2      | Noticed a human
  1289 | D:2      | Killed a human
  1386 | D:2      | Noticed Sigmund
  1391 | D:2      | Killed Sigmund
  1391 | D:2      | Reached skill level 1 in Conjurations
  1391 | D:2      | Reached skill level 1 in Hexes
  1391 | D:2      | Reached skill level 1 in Charms
  1391 | D:2      | Reached skill level 1 in Summonings
  1391 | D:2      | Reached skill level 1 in Necromancy
  1391 | D:2      | Reached skill level 1 in Translocations
  1391 | D:2      | Reached skill level 1 in Fire Magic
  1391 | D:2      | Reached skill level 1 in Ice Magic
  1391 | D:2      | Reached skill level 1 in Air Magic
  1391 | D:2      | Reached skill level 1 in Poison Magic
  1391 | D:2      | Reached XP level 5. HP: 38/38 MP: 1/12
  1391 | D:2      | Reached XP level 6. HP: 44/44 MP: 1/13
  1568 | D:2      | Reached skill level 5 in Dodging
  1738 | D:2      | Found a radiant altar of Vehumet.
  2151 | D:3      | Reached XP level 7. HP: 50/50 MP: 13/15
  2680 | D:3      | Found a faded altar of an unknown god.
  2730 | D:3      | Became a worshipper of Sif Muna the Loreminder
  2730 | D:3      | Reached * piety under Sif Muna
  3303 | D:3      | Learned a level 3 spell: Stone Arrow
  3548 | D:4      | Reached skill level 5 in Stealth
  3738 | D:4      | Reached XP level 8. HP: 57/57 MP: 6/16
  4367 | D:4      | Found an opulent altar of Gozag.
  4716 | D:4      | Noticed Menkaure
  4722 | D:4      | Killed Menkaure
  5291 | D:5      | Entered Level 5 of the Dungeon
  5559 | D:5      | Found a shadowy altar of Dithmenos.
  5807 | D:5      | Found a deep blue altar of Sif Muna.
  5907 | D:5      | Found a glowing silver altar of Zin.
  5907 | D:5      | Found a sparkling altar of Nemelex Xobeh.
  6512 | D:6      | Found a snail-covered altar of Cheibriados.
  6966 | D:6      | Reached XP level 9. HP: 65/65 MP: 8/18
  7189 | D:6      | Found an opulent altar of Gozag.
  7533 | D:6      | Found Xeuluc's Armour Boutique.
  7536 | D:6      | Bought a +0 cloak for 45 gold pieces
  7675 | D:7      | Reached ** piety under Sif Muna
  8446 | D:7      | Found a staircase to the Ecumenical Temple.
  8482 | Temple   | Entered the Ecumenical Temple
  8918 | D:7      | Found an ornate altar of the Wu Jian Council.
  9100 | D:7      | Reached skill level 5 in Invocations
  9429 | D:8      | Found a sparkling altar of Nemelex Xobeh.
  9897 | D:8      | Reached XP level 10. HP: 68/73 MP: 9/20
 10336 | D:9      | Noticed a two-headed ogre
 10345 | D:9      | Killed a two-headed ogre
 10345 | D:9      | Reached *** piety under Sif Muna
 10345 | D:9      | Reached skill level 5 in Fighting
 10345 | D:9      | Reached skill level 5 in Short Blades
 10345 | D:9      | Reached skill level 5 in Long Blades
 10345 | D:9      | Reached skill level 5 in Axes
 10345 | D:9      | Reached skill level 5 in Maces & Flails
 10345 | D:9      | Reached skill level 5 in Polearms
 10345 | D:9      | Reached skill level 5 in Staves
 10345 | D:9      | Reached skill level 5 in Slings
 10345 | D:9      | Reached skill level 5 in Bows
 10345 | D:9      | Reached skill level 5 in Crossbows
 10345 | D:9      | Reached skill level 5 in Throwing
 10345 | D:9      | Reached skill level 5 in Armour
 10345 | D:9      | Reached skill level 5 in Shields
 10345 | D:9      | Reached skill level 5 in Unarmed Combat
 10345 | D:9      | Reached skill level 5 in Evocations
 11132 | D:9      | Found a glowing silver altar of Zin.
 11230 | D:9      | HP: 2/74 [troll (15)]
 11230 | D:9      | Slain by a troll

Skill      XL: |  1  2  3  4  5  6  7  8  9 10 |
---------------+-------------------------------+-----
Transmutations | 2 3 4 |  4.8
Spellcasting   | 5 6 7 |  7.2
Invocations    | 1 2 3 4 5 |  5.6
Fighting       | 1 2 3 4 5 |  5.1
Short Blades   | 1 2 3 4 5 |  5.1
Long Blades    | 1 2 3 4 5 |  5.1
Axes           | 1 2 3 4 5 |  5.1
Maces & Flails | 1 2 3 4 5 |  5.1
Polearms       | 1 2 3 4 5 |  5.1
Staves         | 1 2 3 4 5 |  5.1
Slings         | 1 2 3 4 5 |  5.1
Bows           | 1 2 3 4 5 |  5.1
Crossbows      | 1 2 3 4 5 |  5.1
Throwing       | 1 2 3 4 5 |  5.1
Armour         | 1 2 3 4 5 |  5.1
Shields        | 1 2 3 4 5 |  5.1
Unarmed Combat | 1 2 3 4 5 |  5.1
Evocations     | 1 2 3 4 5 |  5.1
Conjurations   | 1 2 3 4 |  4.2
Hexes          | 1 2 3 4 |  4.2
Charms         | 1 2 3 4 |  4.2
Summonings     | 1 2 3 4 |  4.2
Necromancy     | 1 2 3 4 |  4.2
Translocations | 1 2 3 4 |  4.2
Fire Magic     | 1 2 3 4 |  4.2
Ice Magic      | 1 2 3 4 |  4.2
Air Magic      | 1 2 3 4 |  4.2
Poison Magic   | 1 2 3 4 |  4.2
Dodging        | 5 6 |  6.9
Stealth        | 5 6 |  6.7
Earth Magic    | 6 7 |  7.0

Action                   |  1- 3 |  4- 6 |  7- 9 | 10-12 || total
-------------------------+-------+-------+-------+-------++-------
Melee: Unarmed           |     3 |       |       |       ||     3
       Bite              |     4 |       |    17 |       ||    21
       Dagger            |    52 |     7 |    66 |       ||   125
       Rapier            |       |       |    75 |       ||    75
       Punch             |       |       |     2 |       ||     2
       Staff             |       |       |       |     1 ||     1
 Cast: Sandblast         |    28 |    58 |    95 |    27 ||   208
       Stone Arrow       |       |       |   131 |    43 ||   174
       Passwall          |       |       |       |     2 ||     2
Invok: Divine Energy     |       |       |     1 |       ||     1
  Use: Scroll            |       |       |       |     2 ||     2
 Stab: Sleeping          |     2 |     1 |     2 |       ||     5
  Eat: Chunk             |     1 |     2 |    18 |     4 ||    25
       Ration            |       |       |     3 |       ||     3
Armor: Robe              |    10 |     1 |    14 |    15 ||    40
Dodge: Dodged            |    44 |    12 |   195 |    32 ||   283
